 Dungeon Crawl Stone Soup version 0.32-a0-30-gefbe487952 (webtiles) character file.

Game seed: 2139162547514675755

107 PriceMaster the Conjurer (level 4, -1/27 HPs)
             Began as an Octopode Conjurer on Jan 19, 2024.
             Slain by an orc wizard
             ... wielding a +1 dagger of draining
              (4 damage)
             ... on level 3 of the Dungeon.
             The game lasted 00:05:14 (2143 turns).

PriceMaster the Conjurer (Octopode Conjurer)        Turns: 2143, Time: 00:05:15

Health: -1/27      AC:  1    Str:  6    XL:     4   Next: 86%
Magic:  2/7        EV: 18    Int: 22    God:
Gold:   98         SH:  0    Dex: 10    Spells: 4/7 levels left

rFire   + . .        b - +0 dagger
rCold   + . .        c - orb {guile}
rNeg    . . .        (helmet restricted)
rPois   +            f - amulet of the acrobat
rElec   +            m - +5 ring of evasion
rCorr   +            (no ring)
SInv    .            (no ring)
Will    .....        (no ring)
Stlth   +++          (no ring)
HPRegen 0.24/turn    (no ring)
MPRegen 0.10/turn    (no ring)
                     (no ring)

%: acrobat
@: resistant
A: almost no armour, amphibious, 8 rings, camouflage 1, gelatinous body 1,
(nimble swimmer 1), tentacles
a: no special abilities


You were on level 3 of the Dungeon.
You visited 1 branch of the dungeon, and saw 3 of its levels.

You collected 98 gold pieces.

Inventory:

Hand Weapons
 b - a +0 dagger (weapon)
Armour
 c - an orb of guile (worn)
Jewellery
 f - an amulet of the acrobat (around mantle)
 m - a +5 ring of evasion (left tentacle)
Scrolls
 d - 2 scrolls of identify {unknown}
 e - 2 scrolls of noise {unknown}
 g - a scroll of torment {unknown}
 i - a scroll of silence {unknown}
 k - a scroll of teleportation {unknown}
 l - a scroll of blinking {unknown}
Potions
 j - a potion of lignification {unknown}
 n - a potion of heal wounds {unknown}


   Skills:
 + Level 0.5 Short Blades
 + Level 2.5 Dodging
 + Level 3.6 Stealth
 + Level 2.2 Spellcasting
 + Level 5.3 Conjurations


You had 4 spell levels left.
You knew the following spells:

 Your Spells              Type           Power      Damage    Failure   Level
a - Magic Dart            Conj           100%       1d8       1%          1
b - Static Discharge      Conj/Air       28%        3-5/arc   7%          2

Your spell library contained the following spells:

 Spells                   Type           Power      Damage    Failure   Level
 Searing Ray              Conj           50%        2d6       2%          2
 Momentum Strike          Conj/Tloc      28%        3d8       7%          2
 Blink                    Tloc           4%         N/A       21%         2
 Lesser Beckoning         Tloc           4%         N/A       21%         2
 Mercury Vapours          Alch/Air       4%         N/A       21%         2
 Mephitic Cloud           Conj/Alch/Air  10%        N/A       21%         3
 Fulminant Prism          Conj/Alch      7%         3d7       41%         4
 Iskenderun's Mystic Bla  Conj/Tloc      14%        2d5       41%         4
 Airstrike                Air            1%         2d(1-17)  80%         4
 Summon Lightning Spire   Summ/Air       2%         N/A       80%         4
 Freezing Cloud           Conj/Ice/Air   5%         6-21      88%         5


Dungeon Overview and Level Annotations

Branches:
Dungeon (3/15)

Altars:
Fedhas


Innate Abilities, Weirdness & Mutations

You cannot wear most types of armour.
You are amphibious.
You can wear up to eight rings at the same time.
Your skin changes colour to match your surroundings (Stealth+).
Your rubbery body absorbs attacks. (AC +1, EV +1)
((You are camouflaged when in or above water. (Stealth+)))
You have tentacles for arms and can constrict up to eight enemies at once.


Message History

Casting: Magic Dart (safe; 1% risk of failure)
Confirm with . or Enter, or press ? or * to list all spells.
You don't know that spell.
Casting: Magic Dart (safe; 1% risk of failure)
Confirm with . or Enter, or press ? or * to list all spells.
The orc wizard is struck by an arc of lightning.
The orc wizard is moderately wounded.
You resist.
You are struck by an arc of lightning.
* * * LOW HITPOINT WARNING * * *
The orc wizard is struck by an arc of lightning.
The orc wizard is severely wounded.
The lightning grounds out.
The orc wizard casts a spell at you. The magic dart hits you.
* * * LOW HITPOINT WARNING * * *
Casting: Static Discharge (safe; 7% risk of failure)
Confirm with . or Enter, or press ? or * to list all spells.
The orc wizard is struck by an arc of lightning.
The orc wizard is heavily wounded.
The orc wizard is struck by an arc of lightning.
The orc wizard is lightly wounded.
Something is struck by an arc of lightning.
The orc wizard is struck by an arc of lightning.
The orc wizard is moderately wounded.
The lightning grounds out.
The orc wizard completely misses you.
Casting: Static Discharge (safe; 7% risk of failure)
Confirm with . or Enter, or press ? or * to list all spells.
The orc wizard is struck by an arc of lightning.
The orc wizard is heavily wounded.
The orc wizard is struck by an arc of lightning.
The orc wizard is severely wounded.
You resist.
You are struck by an arc of lightning.
The orc wizard is struck by an arc of lightning.
The orc wizard is almost dead.
You resist.
You are struck by an arc of lightning.
The orc wizard is struck by an arc of lightning.
The orc wizard is almost dead.
You resist.
You are struck by an arc of lightning.
The orc wizard hits you with a +1 dagger of draining.
You die...

.(..... .o >...$.o ..
....... .# ### ......o
.# #.. ......o ##.# #.#
.......##o.# #.#
..)$.#.#@.## #.#
.......oo..###.# .. .#
.............#.###.###.#
......###..#.....#.#...#
......####..####.#'#.#.#
.................8.8....
......#####.####.....#
.... #.#####....# ....
#......)...####


You could see 3 orc wizards.

Vanquished Creatures
  3 adders (D:2)
  3 gnolls
  A dart slug (D:2)
  3 bats
  3 endoplasms
  4 goblins
  9 hobgoblins
  A quokka (D:1)
  4 ball pythons
  3 frilled lizards
  12 kobolds
  3 rats
49 creatures vanquished.

Notes
Turn   | Place    | Note
-------+----------+-------------------------------------------
     0 | D:1      | PriceMaster the Octopode Conjurer began the quest for the
                  | Orb.
     0 | D:1      | Reached XP level 1. HP: 11/11 MP: 3/3
   164 | D:1      | Reached XP level 2. HP: 6/17 MP: 0/5
   460 | D:1      | Learned a level 2 spell: Static Discharge
   956 | D:2      | Reached XP level 3. HP: 19/21 MP: 6/6
  1147 | D:2      | Reached skill level 5 in Conjurations
  1283 | D:2      | Found a blossoming altar of Fedhas.
  1525 | D:1      | Reached XP level 4. HP: 18/27 MP: 0/7
  2143 | D:3      | Slain by an orc wizard

Illustrated notes

Levels and vault maps discovered:
D:1:      dpeg_arrival_arbitrary_b, layout_loops_ring,
          amcnicky_mini_corridor_feature, amcnicky_mini_rare_corridor_liquid
D:2:      layout_loops_cross, basic_altar, minmay_hexomino_r4
D:3:      layout_rooms, dreamdust_ecumenical_altar_angels_and_demons, uniq_robin

Skill      XL: |  1  2  3 |
---------------+----------+-----
Conjurations   | 5 |  5.3
Stealth        | 3 |  3.6
Short Blades   | |  0.5
Dodging        | |  2.5
Spellcasting   | |  2.2

Action                     |  1- 3 |  4- 6 || total
---------------------------+-------+-------++-------
  Melee: Dagger            |    45 |     6 ||    51
         Tentacles         |    13 |     2 ||    15
         Constrict         |    11 |     2 ||    13
         Unarmed           |     2 |       ||     2
   Cast: Magic Dart        |    24 |    19 ||    43
         Static Discharge  |     4 |     7 ||    11
    Use: Potion            |       |     2 ||     2
   Stab: Sleeping          |     6 |     1 ||     7
 Armour: Skin              |    21 |    16 ||    37
  Dodge: Dodged            |    48 |    10 ||    58

Table legend: (Time is in decaauts)
 A = Elapsed time spent in this place.
 B = Non-inter-level travel time spent in this place.
 C = Inter-level travel time spent in this place.
 D = Time resting spent in this place.
 E = Time spent auto-exploring this place.
 F = Levels seen in this place.
 G = Mean time per level.
                   A        B        C        D        E       F      G
               +--------+--------+--------+--------+--------+-----+--------+
         Total |   2143 |   2091 |     52 |    244 |   1526 |   3 |  714.3 |
       Dungeon |   2143 |   2091 |     52 |    244 |   1526 |   3 |  714.3 |
               +--------+--------+--------+--------+--------+-----+--------+

Top non-repeatable levels by time:
     D:2: 1077 daAuts
     D:1: 997 daAuts
     D:3: 68 daAuts
